 Dungeon Crawl Stone Soup version 0.21-a0-507-ga8f6b7a (webtiles) character file.

1593 BingusPrime the Insei (level 8, -12/94 HPs)
             Began as a Yellow Draconian Transmuter on Nov 27, 2017.
             Was a Follower of Dithmenos.
             Mangled by Menkaure (18 damage)
             ... on level 7 of the Dungeon.
             The game lasted 00:46:55 (8850 turns).

BingusPrime the Insei (Yellow Draconian Transmuter) Turns: 8850, Time: 00:46:55

Health: -12/94     AC:  2    Str: 18    XL:     8   Next: 62%
Magic:  12/15      EV: 22    Int: 13    God:    Dithmenos [*.....]
Gold:   134        SH:  0    Dex: 19    Spells: 5/16 levels left

rFire    . . .     SeeInvis .     - Unarmed
rCold    . . .     Gourm    .   (shield currently unavailable)
rNeg     . . .     Faith    .   (armour unavailable)
rPois    x         Spirit   .   (helmet currently unavailable)
rElec    .         Reflect  .   (cloak currently unavailable)
rCorr    .         Harm     .   (gloves currently unavailable)
MR       .....                  (boots currently unavailable)
Stlth    ..........             (no amulet)
HPRegen  0.25/turn              d - ring of flight
MPRegen  0.14/turn              L - +2 ring of slaying

@: berserking, spider-form, wreathed by umbra, very quick
A: tiny, (spit acid), (acid resistance), unfitting armour, AC +6
a: End Transformation, Renounce Religion, Evoke Flight


You were on level 7 of the Dungeon.
You worshipped Dithmenos.
Dithmenos was aware of your devotion.
You were not hungry.
You were a venomous arachnid creature.
You visited 1 branch of the dungeon, and saw 7 of its levels.

You collected 321 gold pieces.
You spent 187 gold pieces at shops.

Inventory:

Hand Weapons
 e - a +0 mace
 t - a +0 spear
 w - a +1 long sword of protection
 B - a +2 mace of protection
 N - a +3 falchion of electrocution (melded)
Missiles
 a - 146 arrows
 O - 2 tomahawks of dispersal (quivered)
Armour
 f - a +0 cloak (melded)
 G - a +1 pair of boots of running (melded)
Jewellery
 d - a ring of flight (left front leg)
 g - an uncursed ring of protection from magic {unknown}
 n - an uncursed ring of ice
 L - a +2 ring of slaying (right front leg)
 M - an uncursed ring of see invisible
Wands
 p - a wand of disintegration (14)
 x - a wand of digging (11)
 K - a wand of acid (7)
 P - a wand of scattershot (5)
Scrolls
 j - 2 scrolls of magic mapping
 l - 2 scrolls of remove curse
 y - a scroll of identify
 z - a scroll of immolation
 C - 3 scrolls of amnesia
 F - a scroll of fog
 H - 3 scrolls of teleportation
Potions
 k - a potion of invisibility {unknown}
 m - a potion of brilliance {unknown}
 q - 2 potions of might
 r - a potion of flight {unknown}
 s - 4 potions of curing
 v - a potion of magic {unknown}
Books
 b - a book of Changes

   Spells                             Type                      Level
   a - Beastly Appendage              Transmutation                1
   b - Sticks to Snakes               Transmutation                2
   c - Spider Form                    Transmutation/Poison         3
   d - Ice Form                       Ice/Transmutation            4
   e - Blade Hands                    Transmutation                5
 A - a book of Callings

   Spells                             Type                      Level
   a - Summon Small Mammal            Summoning                    1
   b - Call Imp                       Summoning                    2
   c - Call Canine Familiar           Summoning                    3
   d - Summon Guardian Golem          Hexes/Summoning              3
   e - Summon Lightning Spire         Summoning/Air                4
   f - Summon Ice Beast               Ice/Summoning                4
Comestibles
 c - 6 bread rations
 E - 4 royal jellies
 I - 2 fruits
 J - 3 meat rations
 Q - a chunk of flesh


   Skills:
 + Level 3.0 Fighting
 + Level 1.3 Long Blades
 + Level 4.3 Maces & Flails
 + Level 4.0 Dodging
 + Level 2.0 Stealth
 + Level 5.6 Unarmed Combat
 + Level 4.7 Spellcasting
 + Level 4.2 Transmutations
 + Level 1.9 Poison Magic


You had 5 spell levels left.
You knew the following spells:

 Your Spells              Type           Power        Failure   Level  Hunger
a - Beastly Appendage     Tmut           ##....       12%         1    None
b - Spider Form           Tmut/Pois      ##........   34%         3    ###....
c - Blade Hands           Tmut           ##........   85%         5    ######.
d - Sticks to Snakes      Tmut           ##......     16%         2    ##.....


Dungeon Overview and Level Annotations

Branches:
Dungeon (7/15)             Temple (0/1) D:6

Altars:
Dithmenos
Nemelex Xobeh
Okawaru
Qazlal
Trog
Vehumet

Shops:
D:4 [   D:6 *

Annotations:
D:6 plsesad's ghost, novice DsNe
D:7 Menkaure


Innate Abilities, Weirdness & Mutations

((You can spit globs of acid.))
((You are resistant to acid.))
((Your golden yellow scales are hard. (AC +6)))
You cannot fit into any form of body armour.
((You are cold-blooded and may be slowed by cold attacks.))


Message History

The centaur shoots an arrow.
The arrow closely misses you.
The centaur shoots an arrow.
The arrow hits you!
* * * LOW HITPOINT WARNING * * *
The centaur shoots an arrow.
The arrow misses you.
Menkaure points at you and mumbles some strange words.
You struggle to resist.
You see here an arrow.
You bite Menkaure!
Menkaure is moderately damaged.
The centaur shoots an arrow.
The arrow misses you.
You barely miss Menkaure.
Menkaure is moderately damaged.
The centaur shoots an arrow.
The arrow hits you!
* * * LOW HITPOINT WARNING * * *
Menkaure completely misses you.
It was a potion of berserk rage.
A red film seems to cover your vision as you go berserk!
You feel yourself moving faster!
You feel mighty!
The centaur shoots an arrow.
The arrow completely misses you. Menkaure hits you!!
You die...

..#.....#
####..................
#.....................
#.........(...........
#....$................
#.....................
#.....................
#.....................
#...Ms.(....>.........
#.......$......#.....#
#..c.......###########
#.........##
#.......### #.......#
#.......# #....$..#
.......


You could see Menkaure and a centaur.

Vanquished Creatures
  A water moccasin (D:5)
  An orc warrior (D:2)
  A sky beast (D:6)
  An ogre (D:5)
  2 centaurs
  A scorpion (D:7)
  3 killer bees (D:7)
  A vampire bat (D:5)
  3 crimson imps
  A jelly (D:5)
  3 hounds (D:5)
  An orc priest (D:5)
  A centaur skeleton (D:7)
  An iguana (D:4)
  3 orc wizards
  7 worker ants
  A hound zombie (D:5)
  11 adders
  A shadow imp (D:7)
  An ooze (D:5)
  An adder zombie (D:5)
  An adder skeleton (D:7)
  3 worms
  3 dart slugs
  3 fire bats (D:5)
  4 leopard geckos
  16 orcs
  2 spectral bats (D:5)
  A ball python (D:2)
  16 bats
  3 bat skeletons (D:5)
  A bat zombie (D:5)
  6 giant cockroaches
  11 goblins
  4 hobgoblins
  3 kobolds
  2 quokkas (D:5)
  A bat simulacrum (D:5)
  4 frilled lizards
  A jackal skeleton (D:5)
  9 rats
140 creatures vanquished.

Notes
Turn   | Place    | Note
-------+----------+-------------------------------------------
     0 | D:1      | BingusPrime the Draconian Transmuter began the quest for the Orb.
     0 | D:1      | Reached XP level 1. HP: 16/16 MP: 3/3
   305 | D:1      | Reached XP level 2. HP: 23/23 MP: 3/5
   553 | D:1      | Reached skill level 1 in Maces & Flails
   929 | D:2      | Reached XP level 3. HP: 19/28 MP: 4/6
   938 | D:2      | Learned a level 3 spell: Spider Form
  1181 | D:2      | Found an iron altar of Okawaru.
  1201 | D:2      | Found a stormy altar of Qazlal.
  1497 | D:2      | Reached XP level 4. HP: 35/35 MP: 3/7
  2000 | D:2      | Noticed an orc warrior
  2024 | D:2      | Killed an orc warrior
  2024 | D:2      | Reached XP level 5. HP: 23/41 MP: 3/9
  2577 | D:2      | Learned a level 5 spell: Blade Hands
  2899 | D:3      | Reached XP level 6. HP: 48/48 MP: 7/10
  3223 | D:3      | Noticed a moth of wrath
  3226 | D:3      | Found a bloodstained altar of Trog.
  3630 | D:4      | Found a shadowy altar of Dithmenos.
  3774 | D:4      | Found Coezoriv's Antique Armour Shoppe.
  3777 | D:4      | Bought a pair of runed boots for 187 gold pieces
  3782 | D:4      | Identified a +0 pair of boots of running (You bought it in a shop on level 4 of the Dungeon)
  3809 | D:4      | Became a worshipper of Dithmenos the Shadowed
  3847 | D:4      | Reached skill level 4 in Unarmed Combat
  4607 | D:5      | Entered Level 5 of the Dungeon
  4613 | D:5      | Reached skill level 1 in Long Blades
  4613 | D:5      | Reached skill level 1 in Stealth
  4613 | D:5      | Reached skill level 1 in Poison Magic
  4619 | D:5      | Learned a level 2 spell: Sticks to Snakes
  4666 | D:5      | Your scales start taking on a golden yellow colour.
  4666 | D:5      | Reached XP level 7. HP: 23/55 MP: 10/12
  5272 | D:5      | Found a sparkling altar of Nemelex Xobeh.
  5792 | D:5      | Reached XP level 8. HP: 60/62 MP: 10/14
  5809 | D:5      | Reached * piety under Dithmenos
  6076 | D:6      | Noticed plsesad's ghost (novice DsNe)
  6083 | D:6      | Reached skill level 5 in Unarmed Combat
  8139 | D:6      | Found a staircase to the Ecumenical Temple.
  8219 | D:6      | Found Megaf's General Store.
  8720 | D:7      | Found a radiant altar of Vehumet.
  8842 | D:7      | Noticed Menkaure
  8850 | D:7      | Mangled by Menkaure

Vault maps used:
D:1:      enne_arrival_octagon_isle
D:2:      grunt_temple_overflow_open, first_bread
D:3:      mrwooster_statue_mirror, tgw_trog
D:4:      nicolae_overflow_crystal_walls, serial_shops,
          nicolae_shop_behind_doors
D:5:      lemuel_doored_altar, goddamned_bats
D:6:      minmay_temple_entry_nine_rooms, serial_shops, shop_fountains,
          nicolae_ossuary_entry_monument
D:7:      lemuel_round_altar, kennysheep_generic_room_8, uniq_menkaure

Skill      XL: |  1  2  3  4  5  6  7  8 |
---------------+-------------------------+-----
Maces & Flails | 1 2 4 |  4.3
Dodging        | 2 3 4 |  4.0
Spellcasting   | 3 4 |  4.7
Transmutations | 3 4 |  4.2
Fighting       | 2 3 |  3.0
Unarmed Combat | 4 5 |  5.6
Long Blades    | 1 |  1.3
Stealth        | 1 2 |  2.0
Poison Magic   | 1 |  1.9

Action                   |  1- 3 |  4- 6 |  7- 9 || total
-------------------------+-------+-------+-------++-------
Melee: Mace              |    78 |    70 |    76 ||   224
       Kick              |     5 |     5 |       ||    10
       Tailslap          |     3 |     9 |     5 ||    17
       Headbutt          |     2 |     2 |    15 ||    19
       Unarmed           |    18 |    63 |   166 ||   247
       Long sword        |       |    14 |       ||    14
       Punch             |       |     2 |     1 ||     3
       Falchion          |       |       |     9 ||     9
 Cast: Beastly Appendage |    19 |    15 |    15 ||    49
       Spider Form       |     3 |     8 |    20 ||    31
       Sticks to Snakes  |       |       |     2 ||     2
  Use: Scroll            |     2 |     4 |     9 ||    15
       Potion            |       |     1 |     3 ||     4
 Stab: Sleeping          |       |     1 |     4 ||     5
  Eat: Chunk             |     3 |     8 |     5 ||    16
       Fruit             |       |     1 |     1 ||     2
       Bread ration      |       |       |     3 ||     3
Armor: Skin              |    38 |    39 |    67 ||   144
Dodge: Dodged            |   106 |   110 |   282 ||   498
       Rpst.: Long sword |       |     4 |       ||     4
       Falchion          |       |       |     3 ||     3

Table legend:
 A = Spawn XP
 B = Non-spawn XP
 C = Spawn XP percentage of total XP
 D = Spawn monster count
 E = Non-spawn monster count
 F = Spawn count percentage of total count
 G = Total turns spent on level
                    A         B        C        D         E        F      G
               +---------+---------+-------+---------+---------+-------+---------
         Total |       0 |    2277 |   0.0 |       0 |     140 |   0.0 |  8850
               +---------+---------+-------+---------+---------+-------+---------
           D:1 |       0 |      33 |   0.0 |       0 |      16 |   0.0 |   837
           D:2 |       0 |     297 |   0.0 |       0 |      32 |   0.0 |  1792
           D:3 |       0 |      93 |   0.0 |       0 |      16 |   0.0 |   805
           D:4 |       0 |     143 |   0.0 |       0 |       7 |   0.0 |  1173
           D:5 |       0 |     981 |   0.0 |       0 |      47 |   0.0 |  3262
           D:6 |       0 |     290 |   0.0 |       0 |      11 |   0.0 |   675
           D:7 |       0 |     440 |   0.0 |       0 |      11 |   0.0 |   306
               +---------+---------+-------+---------+---------+-------+---------
